 Dungeon Crawl Stone Soup version 0.32-a0-928-g1cae6b7ea0 (webtiles) character file.

Game seed: 14594123846754896607

99 osoart the Trooper (level 4, -9/40 HPs)
             Began as a Mountain Dwarf Fighter on Apr 12, 2024.
             Mangled by Sigmund
             ... wielding a +1 scythe of freezing
              (10 damage)
             ... on level 3 of the Dungeon.
             The game lasted 00:03:29 (1599 turns).

osoart the Trooper (Mountain Dwarf Fighter)         Turns: 1599, Time: 00:03:30

Health: -9/40      AC:  7    Str: 20    XL:     4   Next: 45%
Magic:  4/4        EV:  8    Int:  9    God:
Gold:   58         SH:  0    Dex:  9    Spells: 3/3 levels left

rFire   . . .        a - +1 war axe
rCold   . . .        (no shield)
rNeg    . . .        i - +0 scale mail
rPois   .            j - +0 hat
rElec   .            (no cloak)
rCorr   .            (no gloves)
SInv    .            (no boots)
Will    .....        (no amulet) Stlth
                     (no ring)
HPRegen 0.26/turn    (no ring)
MPRegen 0.09/turn

%: no passive effects
@: no status effects
A: runic magic, artefact enchanting
a: no special abilities


You were on level 3 of the Dungeon.
You visited 1 branch of the dungeon, and saw 3 of its levels.

You collected 58 gold pieces.

Inventory:

Hand Weapons
 a - a +1 war axe (weapon)
 b - a +0 arbalest
Armour
 c - a +0 buckler
 i - a +0 scale mail (worn)
 j - a +0 hat (worn)
Scrolls
 m - a scroll of identify
 o - a scroll of immolation {unknown}
Potions
 d - 2 potions of might
 f - a potion of cancellation
 g - a potion of invisibility
 h - a potion of enlightenment
 l - a potion of heal wounds {unknown}
 n - a potion of ambrosia {unknown}


   Skills:
 + Level 4.0 Fighting
 + Level 3.5 Axes
 + Level 0.7 Ranged Weapons
 + Level 4.0 Armour
 - Level 3.7 Shields


You had 3 spell levels left.
You didn't know any spells.
Your spell library contained the following spells:

 Spells                   Type           Power      Damage    Failure   Level
 Sandblast                Erth           0%         2d4       45%         1
 Stone Arrow              Conj/Erth      0%         3d7       83%         3
 Brom's Barrelling Bould  Conj/Erth      0%         2d3       99%         4


Dungeon Overview and Level Annotations

Branches:
Dungeon (3/15)

Altars:

Shops:
D:3 =

Annotations:
D:3 300 jewelry, Sigmund


Innate Abilities, Weirdness & Mutations

Your spellcasting is much less encumbered by armour.
You can use scrolls of enchantment on lesser artefacts.


Message History

The kobold barely misses you.
Sigmund hits you with a +1 scythe of freezing!
* * * LOW HITPOINT WARNING * * *
Sigmund freezes you.
* * * LOW HITPOINT WARNING * * *
The kobold hits you with a +0 dagger.
* * * LOW HITPOINT WARNING * * *
The bat moves out of view.
You barely miss Sigmund.
Sigmund is moderately wounded.
You closely miss the kobold. The kobold barely misses you.
Sigmund closely misses you.
Unknown command.
You barely miss Sigmund.
Sigmund is moderately wounded.
You hit the kobold but do no damage. The kobold hits you but does no damage.
Sigmund barely misses you.
Unknown command.
You hit Sigmund.
Sigmund is moderately wounded.
You hit the kobold. The bat hits you but does no damage.
The kobold barely misses you. The kobold closely misses you.
Unknown command.
You slash Sigmund!
Sigmund is severely wounded.
You miss the kobold. The bat closely misses you. Sigmund barely misses you.
The kobold hits you but does no damage.
Unknown command.
You closely miss Sigmund.
Sigmund is severely wounded.
You barely miss the kobold.
The kobold shouts!
You hear an angry hiss.
The bat closely misses you. Sigmund casts a spell at you.
The magic dart hits you!
* * * LOW HITPOINT WARNING * * *
The kobold hits you but does no damage.
Sigmund hits you with a +1 scythe of freezing!
You die...
Sigmund begins carving another notch in his scythe.

##.......# #..
.........# #.#
#####'#### ..# #. .
......# #####..##. ..
#>########........# ..
......†......###..##.#
##.#########.#......#
#.# ..#.##.#@..# ..#
##.#.#..@...# ...#
#......$K.##.#### ..##
#..#.#...b# .... ..
#.####.#).##.##... ..
#......÷..# #...#
#######.##.##..'####
#)# #........#
#.###..<....)#
#............#


You could see Sigmund, a bat and a kobold.

Vanquished Creatures
  Jessica (D:3)
  An adder (D:3)
  A dart slug (D:2)
  An orc (D:3)
  4 ball pythons
  3 endoplasms
  A giant cockroach (D:1)
  3 goblins (D:1)
  9 hobgoblins
  6 jackals (D:1)
  4 kobolds
  6 quokkas
  5 bats
  6 frilled lizards
  A rat (D:1)
52 creatures vanquished.

Notes
Turn   | Place    | Note
-------+----------+-------------------------------------------
     0 | D:1      | osoart the Mountain Dwarf Fighter began the quest for the
                  | Orb.
     0 | D:1      | Reached XP level 1. HP: 19/19 MP: 1/1
   125 | D:1      | Reached XP level 2. HP: 26/26 MP: 2/2
   538 | D:1      | Reached XP level 3. HP: 33/33 MP: 3/3
  1357 | D:3      | Found Bug Ibecur's Jewellery Boutique.
  1397 | D:3      | Reached XP level 4. HP: 18/40 MP: 4/4
  1399 | D:3      | Noticed Jessica
  1401 | D:3      | HP: 2/40 [Jessica/nerve-wracking pain (14)]
  1411 | D:3      | Killed Jessica
  1587 | D:3      | Noticed Sigmund
  1599 | D:3      | HP: 1/40 [Sigmund/magic dart (8)]
  1599 | D:3      | Mangled by Sigmund

Illustrated notes

Levels and vault maps discovered:
D:1:      dpeg_arrival_boxes_within_box, layout_basic,
          nicolae_houndstooth_variations
D:2:      layout_rooms
D:3:      layout_basic, nemelex_altar_shiori, serial_shops, nicolae_shop_trees,
          shop, minmay_vboxes, uniq_ijyb, uniq_natasha, uniq_crazy_yiuf_cottage,
          uniq_jessica, uniq_sigmund

Skill      XL: |  1  2  3  4 |
---------------+-------------+-----
Axes           | 3 |  3.5
Fighting       | 4 |  4.0
Armour         | 4 |  4.0
Ranged Weapons | |  0.7
Shields        | |  3.7

Action                     |  1- 3 |  4- 6 || total
---------------------------+-------+-------++-------
  Melee: War axe           |   122 |    31 ||   153
   Fire: Arbalest          |    23 |       ||    23
    Use: Scroll            |     8 |       ||     8
         Potion            |     1 |       ||     1
 Armour: Scale mail        |   142 |    28 ||   170
  Dodge: Dodged            |    57 |    31 ||    88
  Block: Buckler           |    20 |       ||    20

Table legend: (Time is in decaauts)
 A = Elapsed time spent in this place.
 B = Non-inter-level travel time spent in this place.
 C = Inter-level travel time spent in this place.
 D = Time resting spent in this place.
 E = Time spent auto-exploring this place.
 F = Levels seen in this place.
 G = Mean time per level.
                   A        B        C        D        E       F      G
               +--------+--------+--------+--------+--------+-----+--------+
         Total |   1674 |   1627 |     47 |    135 |   1045 |   3 |  558.0 |
       Dungeon |   1674 |   1627 |     47 |    135 |   1045 |   3 |  558.0 |
               +--------+--------+--------+--------+--------+-----+--------+

Top non-repeatable levels by time:
     D:1: 888 daAuts
     D:2: 526 daAuts
     D:3: 259 daAuts
